 Dungeon Crawl Stone Soup version 0.28-a0-1159-g27aa881441 (webtiles) character file.

Game seed: 9273513891545114633

25 Sweetruy1997 the Skirmisher (level 2, 0/24 HPs)
             Began as a Demonspawn Chaos Knight on Dec 15, 2021.
             Was a Plaything of Xom.
             Succumbed to an adder's poison
             ... on level 2 of the Dungeon.
             The game lasted 00:02:03 (920 turns).

Sweetruy1997 the Skirmisher (DsCK)                   Turns: 920, Time: 00:02:04

Health: 0/24       AC:  5    Str: 12    XL:     2   Next: 82%
Magic:  2/2        EV:  8    Int: 13    God:    Xom [..*...]
Gold:   51         SH:  6    Dex: 12    Spells: 1/1 levels left

rFire   . . .      SeeInvis .   a - +2 hand axe (chaos)
rCold   . . .      Faith    .   k - +0 kite shield
rNeg    . . .      Spirit   .   b - +2 leather armour
rPois   .          Reflect  .   (no helmet)
rElec   .          Harm     .   (no cloak)
rCorr   .          Rampage  .   (no gloves)
Will    .....                   (no boots)
Stlth   +.........              (no amulet)
HPRegen 0.08/turn               (no ring)
MPRegen 0.08/turn               (no ring)

@: lethally poisoned (0 -> -3)
A: ignite blood 1
a: Renounce Religion


You were on level 2 of the Dungeon.
You worshipped Xom.
You were a toy of Xom.
You visited 1 branch of the dungeon, and saw 2 of its levels.

You collected 51 gold pieces.

Inventory:

Hand Weapons
 a - a +2 hand axe of chaos (weapon)
Armour
 b - a +2 leather armour (worn)
 k - a +0 kite shield (worn)
Scrolls
 d - a scroll of vulnerability {unknown}
 f - a scroll of noise {unknown}
 h - a scroll of blinking {unknown}
 j - a scroll of acquirement {unknown}
Potions
 i - a potion of curing {unknown}
 l - a potion of attraction {unknown}
 m - a potion of flight {unknown}


   Skills:
 + Level 3.3 Fighting
 + Level 3.3 Axes
 + Level 1.8 Armour
 + Level 1.1 Dodging


You had one spell level left.
You didn't know any spells.
Your spell library was empty.

Dungeon Overview and Level Annotations

Branches:
Dungeon (2/15)

Altars:


Innate Abilities, Weirdness & Mutations

Your demonic aura sometimes causes spilled blood to erupt in flames.


Message History

You are too injured to fight recklessly!
You are too injured to fight recklessly!
You hit the adder but do no damage.
The adder is almost dead.
You feel very sick. You block the adder's attack.
The adder bites you but does no damage. You block the adder's attack.
You closely miss the adder.
The adder is almost dead.
You feel sick. The adder bites you but does no damage.
You block the adder's attack. The adder bites you.
* * * LOW HITPOINT WARNING * * *
You closely miss the adder.
The adder is almost dead.
* * * LOW HITPOINT WARNING * * *
You feel sick. The adder bites you.
* * * LOW HITPOINT WARNING * * *
The adder closely misses you. The adder bites you.
* * * LOW HITPOINT WARNING * * *
It was a potion of heal wounds.
You feel much better.
You feel sick. The adder bites you.
You are more poisoned.
The adder poisons you! The adder barely misses you.
You barely miss the adder.
The adder is almost dead.
You feel sick. The adder barely misses you. The adder bites you.
You block the adder's attack.
You hit the adder but do no damage.
The adder is poisoned.
The adder is severely wounded.
You feel sick. The adder bites you.
* * * LOW HITPOINT WARNING * * *
You are more poisoned.
The adder poisons you! The adder barely misses you.
The adder closely misses you.
You feel sick. The adder bites you but does no damage.
You feel sick. The adder bites you.
* * * LOW HITPOINT WARNING * * *
There is an open door here.
You die...
Xom chuckles heartily!

#............ #.#
#............ #.#
#............ #.#
#..$......... #.#
#............ #.#
#............ #.#
#....S....... #.#
#####'####### #<#
#@# #.# #.# #.#
#.# #.# #.#
#.#######.#######
#................
#.#######........
#.# ######### ###


You could see an adder (fast, very poisoned).

Vanquished Creatures
  2 dart slugs (D:1)
  A ball python (D:1)
  3 endoplasms (D:1)
  3 goblins (D:1)
  2 hobgoblins (D:1)
  A quokka (D:1)
  3 bats (D:1)
  A kobold (D:1)
  3 rats (D:1)
19 creatures vanquished.

Notes
Turn   | Place    | Note
-------+----------+-------------------------------------------
     0 | D:1      | Sweetruy1997 the Demonspawn Chaos Knight began the quest
                  | for the Orb.
     0 | D:1      | Reached XP level 1. HP: 18/18 MP: 1/1
   300 | D:1      | Gained mutation: Your demonic aura sometimes causes spilled
                  | blood to erupt in flames. [demonic ancestry]
   300 | D:1      | Reached XP level 2. HP: 24/24 MP: 2/2
   302 | D:1      | Reached skill level 1 in Dodging
   764 | D:1      | Found a faded altar of an unknown god.
   852 | D:1      | XOM: scenery: 1 doors close
   919 | D:2      | HP: 1/24 [adder (4)]
   920 | D:2      | Succumbed to an adder's poison

Illustrated notes

Levels and vault maps discovered:
D:1:      dpeg_arrival_short_road, layout_basic,
          shapermc_ecumenical_altar_petra, hangedman_decor_diamond_cutter,
          minmay_hexomino_c4
D:2:      layout_basic, grunt_decor_arrowhead

Skill      XL: |  1  2 |
---------------+-------+-----
Axes           | 3 |  3.3
Dodging        | 1 |  1.1
Fighting       | |  3.3
Armour         | |  1.8

Action                   || total
-------------------------++-------
Melee: Hand axe          ||    69
  Use: Scroll            ||     3
       Potion            ||     1
Armor: Leather armour    ||    36
Dodge: Dodged            ||    53
Block: Kite shield       ||     7

Table legend: (Time is in decaauts)
 A = Elapsed time spent in this place.
 B = Non-inter-level travel time spent in this place.
 C = Inter-level travel time spent in this place.
 D = Time resting spent in this place.
 E = Time spent auto-exploring this place.
 F = Levels seen in this place.
 G = Mean time per level.
                   A        B        C        D        E       F      G
               +--------+--------+--------+--------+--------+-----+--------+
         Total |    934 |    930 |      4 |    244 |    494 |   2 |  467.0 |
       Dungeon |    934 |    930 |      4 |    244 |    494 |   2 |  467.0 |
               +--------+--------+--------+--------+--------+-----+--------+

Top non-repeatable levels by time:
     D:1: 896 daAuts
     D:2: 38 daAuts
